 Dungeon Crawl Stone Soup version 0.18-a0-327-gb1de508 (webtiles) character file.

1725236 FishmanTm the Grand Master (level 27, 235/235 HPs)
             Began as a Merfolk Transmuter on Nov 27, 2015.
             Was the Champion of Cheibriados.
             Escaped with the Orb
             ... and 3 runes!
             The game lasted 03:50:36 (70639 turns).

FishmanTm the Grand Master (Merfolk Transmuter)    Turns: 70639, Time: 03:50:36

Health: 235/235    AC: 24    Str: 34    XL:     27
Magic:  37/37      EV: 35    Int: 32    God:    Cheibriados [******]
Gold:   5364       SH:  0    Dex: 35    Spells: 5 memorised, 15 levels left

rFire  + + .     SeeInvis +       - Unarmed
rCold  x . .     Clarity  .     Z - +2 fire dragon armour of Beogh's Outrage {rF++ rC- rN+}
rNeg   + . .     SustAt   .     (no shield)
rPois  .         Gourm    .     y - +2 helmet {Int+3}
rElec  .         Spirit   .     w - +0 cloak
rCorr  .         Warding  .     X - +2 pair of gloves {Str+3}
rMut   +         Stasis   .     a - +2 pair of boots {Fly}
MR     +++..                    r - amulet of resist mutation
Stlth  ++........               b - ring of protection from magic
                                t - ring of see invisible

@: flying, very slow, extremely resistant to hostile enchantments, unstealthy
A: change form in water, swift swim
a: Bend Time, Temporal Distortion, Slouch, Step From Time, Renounce Religion,
Stop Flying
0: Orb of Zot
}: 3/15 runes: decaying, slimy, gossamer


You escaped.
You worshipped Cheibriados.
Cheibriados was exalted by your worship.
You were not hungry.

You visited 11 branches of the dungeon, and saw 59 of its levels.
You visited 1 bazaar.
You also visited: Labyrinth and Ossuary.

You collected 7487 gold pieces.
You spent 2123 gold pieces at shops.

Inventory:

Armour
 a - a +2 pair of boots of flying (worn)
 w - a +0 cloak (worn)
 y - a +2 helmet of intelligence (worn)
 X - a +2 pair of gloves of strength (worn)
 Z - the +2 fire dragon armour of Beogh's Outrage (worn) {rF++ rC- rN+}
   (You found it in a labyrinth)

   It greatly protects you from fire.
   It makes you vulnerable to cold.
   It protects you from negative energy.
Jewellery
 b - a ring of protection from magic (right hand)
 i - the amulet of the Elephant {rCorr Dex+4 Stlth+}
   (You took it off a deep elf knight on level 3 of the Elven Halls)

   [amulet of resist corrosion]

   It protects you from acid and corrosion.
   It affects your dexterity (+4).
   It makes you more stealthy.
 j - an uncursed amulet of warding
 k - an uncursed ring of positive energy
 o - an uncursed ring of protection from magic
 r - an amulet of resist mutation (around neck)
 s - an uncursed ring of protection from cold
 t - a ring of see invisible (left hand)
 x - an uncursed amulet of stasis
 J - an uncursed ring of protection from cold
 L - an uncursed amulet of clarity
 S - an uncursed ring of invisibility
 W - the amulet of Cuvifia {Spirit rN++ Dex+3 Stlth+}
   (You took it off a tengu conjurer on level 1 of the Depths)

   [amulet of guardian spirit]

   It causes incoming damage to be split between your health and magic.
   It affects your dexterity (+3).
   It greatly protects you from negative energy.
   It makes you more stealthy.
 Y - an uncursed ring of positive energy
Wands
 g - a wand of cold (5)
 l - a wand of invisibility (3)
 p - a wand of fire (15)
 E - a wand of lightning (6)
 P - a wand of teleportation (4)
 Q - a wand of heal wounds (4)
 U - a wand of digging (9)
Scrolls
 c - a scroll of summoning
 e - 4 scrolls of teleportation
 h - 2 scrolls of silence
 u - 34 scrolls of remove curse
 A - 4 scrolls of blinking
 B - 15 scrolls of identify
 D - 6 scrolls of fog
 G - 10 scrolls of fear
 M - 4 scrolls of immolation
 R - 4 scrolls of magic mapping
 V - a scroll of holy word
Potions
 f - 23 potions of curing
 n - 15 potions of heal wounds
 v - 3 potions of cancellation
 z - 3 potions of might
 C - 8 potions of brilliance
 I - 3 potions of agility
 N - 4 potions of magic
 O - 4 potions of resistance
Miscellaneous
 H - a phial of floods
Comestibles
 m - 37 meat rations


   Skills:
 + Level 23.0 Fighting
 - Level 9.0 Armour
 - Level 21.3 Dodging
 - Level 17.4 Stealth
 O Level 27 Unarmed Combat
 - Level 7.7 Spellcasting
 - Level 5.0 Charms
 - Level 16.3 Transmutations
 - Level 8.0 Earth Magic
 - Level 16.2 Invocations
 - Level 20.4 Evocations


You had 15 spell levels left.
You knew the following spells:

 Your Spells              Type           Power        Failure   Level  Hunger
a - Statue Form           Trmt/Erth      ######...    10%         6    ######.
b - Dragon Form           Trmt           #######...   10%         7    #######
c - Blade Hands           Trmt           #######...   1%          5    ####...
d - Irradiate             Conj/Trmt      ######....   10%         5    ####...
e - Regeneration          Chrm/Necr      ####......   12%         3    None


Dungeon Overview and Level Annotations

Branches:
Dungeon (15/15)            Temple (1/1) D:4            Lair (8/8) D:9
  Swamp (4/4) Lair:3       Spider (4/4) Lair:4        Slime (6/6) Lair:8
    Orc (4/4) D:10            Elf (3/3) Orc:3        Vaults (4/5) D:13
  Crypt (0/3) Vaults:2     Depths (5/5) D:15            Zot (5/5) Depths:5

Altars:
Ashenzari
Cheibriados
Dithmenos
Elyvilon
Fedhas
Gozag
Kikubaaqudgha
Makhleb
Nemelex Xobeh
Okawaru
Qazlal
Ru
Sif Muna
Vehumet
Xom
Yredelemnul
Zin
The Shining One
Beogh
Jiyva

Shops:
D:4 *   D:8 *=!   Orc:1 [   Orc:4 =}**   Elf:3 [   Vaults:2 (   Vaults:4 %
Depths:2 *   Depths:3 }

Portals:
Hell: Lair:8 Depths:1 Depths:2 Depths:3 Depths:4 Depths:5
Abyss: Depths:1 Depths:4
Pandemonium: Depths:3 Depths:4
Ziggurat: Depths:3
Trove: Depths:3 (give 2 potions of cure mutation)

Annotations:
Lair:8 exclusion: oklob plant


Message History

You start resting.
A crimson imp comes into view.
The crimson imp spits at you.
The crimson imp blinks!
The crimson imp blinks!
The crimson imp disappears for a moment.
The crimson imp blinks!
The crimson imp puffs mist at you.
You punch the crimson imp! Your punch misses the crimson imp.
The crimson imp is heavily wounded.
You pummel the crimson imp!!
You kill the crimson imp!
Cheibriados thoroughly appreciates the change of pace.
You revert to your normal fleshy form.
Your +2 pair of gloves of strength unmelds from your body.
Your +2 pair of boots of flying unmelds from your body.
The +2 fire dragon armour of Beogh's Outrage {rF++ rC- rN+} unmelds from your body.
You feel stronger.
You fly up into the air.
You have escaped!

)...##....#...#≈.≈#≈≈≈##.#.##
#####.....#...#≈.≈#§≈.##.#.#
#.....#..)#≈.≈#≈..##.#.##
#.....#...#...#...##.#..####
#.###.#)..........##.......#
#.# #.#...........##.#####.#
#.# #.#...........#..# #.#
#.# #.#.....).....#..# #.#
####.# #.#.....@.....#..# #.#
#....#
###...........##.#####.#
#.#### ##############.......#
#.# #.# ####.##.# #.# #.#
#.##.# #.# #.# #.##.## #.#
#.# #..#... #.# #.# ##...##
#.# #.# ##)....


There were no monsters in sight!

Vanquished Creatures
  the royal jelly (Slime:6)
  A seraph (Depths:4)
  5 pandemonium lords
  4 orbs of fire (Zot:5)
  3 ancient liches
  An iron giant (Depths:4)
  the Lernaean hydra (Swamp:4)
  2 Killer Klowns (Zot:5)
  3 curse toes
  A caustic shrike (Depths:4)
  11 golden dragons
  10 liches
  3 electric golems
  Jorgrun (Vaults:3)
  12 tentacled monstrosities
  A Brimstone Fiend (Zot:2)
  Rupert (D:13)
  A Hell Sentinel (D:1)
  3 titans (Depths:5)
  4 deep elf blademasters
  2 Ice Fiends
  16 acid blobs
  3 deep elf master archers
  30 Orb Guardians
  A Shadow Fiend (Zot:1)
  2 sphinxes (Vaults:3)
  An Executioner (D:1)
  7 shadow dragons
  The ghost of endege the Severer, an adept DDBe of Trog (Spider:3)
  3 thorn hunters
  Frances (Elf:1)
  Kirke (Swamp:4)
  4 tengu reavers
  10 death cobs
  9 storm dragons
  Roxanne (Swamp:1)
  5 azure jellies (Slime:6)
  6 draconian monks
  11 fire giants
  Donald (D:13)
  12 vault wardens
  6 iron dragons
  8 ghost moths
  A balrug (D:1)
  5 draconian knights
  A cacodemon (Depths:4)
  10 frost giants
  Aizul (Swamp:1)
  Louise (Swamp:1)
  A juggernaut zombie (Depths:4)
  8 draconian scorchers
  10 deep elf sorcerers
  8 very ugly things
  6 draconian zealots
  3 emperor scorpions (Spider:4)
  2 draconian shifters
  6 draconian annihilators
  A ghoul (Depths:2)
  20 stone giants
  A juggernaut skeleton (Depths:2)
  4 spriggan defenders (Depths:5)
  10 ironheart preservers
  A blood saint (D:1)
  9 deep elf demonologists
  A salamander stormcaller (Vaults:3)
  12 black draconians
  3 draconian callers
  7 green draconians
  5 vampire knights
  Nessos (Orc:4)
  21 yellow draconians
  6 mottled draconians
  10 deep elf annihilators
  Azrael (Spider:2)
  11 white draconians
  A dire elephant (Lair:8)
  A lorocyproca (D:1)
  7 purple draconians
  8 red draconians
  8 ettins
  37 spark wasps
  An ettin (shapeshifter) (Depths:4)
  A fire dragon (shapeshifter) (Depths:5)
  A blizzard demon (Depths:5)
  Snorg (D:10)
  4 death oozes
  A crystal guardian (Vaults:3)
  A quicksilver dragon zombie (Depths:1)
  11 entropy weavers
  A minotaur (Lab)
  8 vault guards
  Josephine (D:10)
  9 deep elf death magi
  2 deep elf high priests
  21 fire dragons
  The ghost of xeno23 the Carver, a journeyman DgAE (D:11)
  14 yaktaur captains
  14 great orbs of eyes
  31 ice dragons
  4 rakshasas
  An iron giant zombie (Depths:2)
  24 hydras
  2 ghost crabs
  2 catoblepae
  19 centaur warriors
  14 dancing weapons (Elf:2)
  12 ogre magi
  7 spriggan air magi
  7 death yaks
  12 deep troll shamans
  11 alligators
  8 tengu warriors
  3 death knights
  2 vampire magi
  A spriggan berserker (Depths:5)
  A titan zombie (Depths:4)
  9 deep troll earth magi
  3 soul eaters
  Nergalle (D:10)
  3 hell knights
  4 iron trolls
  A shadow wraith (Vaults:2)
  4 small abominations
  A fire crab (shapeshifter) (Vaults:3)
  A sun demon (Depths:4)
  A spark wasp zombie (Depths:2)
  26 deep elf knights
  9 spriggans
  A salamander mystic (Vaults:3)
  A fire crab (Vaults:1)
  4 skeletal warriors (D:13)
  11 giant orange brains
  A golden dragon zombie (Depths:2)
  24 deep trolls
  2 spriggan druids (Swamp:2)
  3 unseen horrors
  A storm dragon skeleton (Vaults:3)
  2 cherubim
  3 phantasmal warriors (Depths:2)
  18 deep elf summoners
  7 swamp dragons
  12 ironbrand convokers
  6 hill giants
  18 deep elf conjurers
  5 necromancers
  3 tengu zombies
  A torturous demonspawn (Depths:4)
  16 orb spiders
  A harpy (Vaults:1)
  18 wizards
  A manticore (shapeshifter) (Elf:1)
  49 ugly things
  A frost giant zombie (Depths:2)
  A stone giant zombie (Depths:2)
  5 oklob plants
  10 cyclopes
  17 orc knights
  A shadow dragon skeleton (Depths:4)
  2 salamanders (Vaults:3)
  12 orc sorcerers
  10 hornets
  11 vault sentinels
  41 wolf spiders
  15 griffons
  A tengu skeleton (Depths:4)
  A manticore (D:14)
  2 shining eyes
  An octopode (shapeshifter) (Vaults:2)
  A water nymph (shapeshifter) (Depths:4)
  6 elephants (Lair:8)
  3 eyes of devastation
  2 centaur zombies
  A stone giant skeleton (Depths:2)
  2 sixfirhies
  A frost giant skeleton (Depths:2)
  2 smoke demons
  An elf zombie (Depths:2)
  8 black mambas
  An eye of devastation (shapeshifter) (Depths:5)
  11 orange demons
  A rust devil (Depths:2)
  Joseph (D:7)
  2 centaur skeletons
  30 moths of wrath
  3 torpor snails
  2 gargoyles
  27 spiny frogs
  2 komodo dragons (shapeshifter)
  An efreet (D:13)
  5 kobold demonologists
  A spriggan zombie (Depths:2)
  3 hellwings
  4 ice devils
  A yaktaur skeleton (Vaults:1)
  66 yaktaurs
  7 fire drakes
  21 demonic crawlers
  2 tormentors
  18 deep elf priests
  12 komodo dragons
  38 jumping spiders
  7 trolls
  5 tengu conjurers
  2 fire drakes (shapeshifter)
  A queen bee (shapeshifter) (Elf:3)
  3 spriggan skeletons
  6 red devils
  4 polar bears
  A merfolk (shapeshifter) (Depths:2)
  2 trapdoor spider zombies
  10 giant leeches
  A blink frog (shapeshifter) (Depths:4)
  6 freezing wraiths
  A hornet zombie (D:14)
  3 boulder beetles
  19 two-headed ogres
  A stone giant simulacrum (Vaults:2)
  2 ettin zombies
  23 blink frogs
  71 slime creatures
  2 deep troll zombies
  9 trapdoor spiders
  2 flying skulls (Depths:2)
  7 bog bodies (Swamp:2)
  An ettin skeleton (Depths:2)
  11 shadows
  45 yaks
  2 elf skeletons
  16 tarantellas
  9 wraiths
  27 deep elf magi
  8 air elementals
  67 redbacks
  2 spriggans (shapeshifter)
  27 deep elf fighters
  A water elemental (Depths:3)
  3 basilisks
  A golden eye (shapeshifter) (Depths:4)
  5 fire elementals (Spider:2)
  A hog (shapeshifter) (Vaults:3)
  17 humans
  2 chaos spawn
  A wyvern (D:10)
  A neqoxec (D:1)
  5 large abominations
  2 hippogriffs (shapeshifter)
  11 insubstantial wisps
  46 vampire mosquitoes
  A salamander simulacrum (Vaults:1)
  2 hungry ghosts
  A steam dragon (D:10)
  15 wolves
  13 wargs
  3 mottled dragons
  18 hippogriffs
  25 swamp worms
  29 water moccasins
  15 swamp drakes
  6 ice beasts
  3 black bears (Lair:3)
  18 porcupines
  A wasp (shapeshifter) (Depths:1)
  An ettin simulacrum (Vaults:1)
  A necrophage (D:10)
  5 sky beasts
  48 orc warriors
  2 hell hounds (Spider:2)
  4 eyes of draining
  2 phantoms
  58 ogres
  14 boggarts
  17 centaurs
  12 wasps
  6 big kobolds
  17 crocodiles
  Blork the orc (D:6)
  A fire crab zombie (Vaults:1)
  20 giant frogs
  A wyvern zombie (D:9)
  2 wyvern skeletons (D:14)
  2 gnoll sergeants
  3 scorpions
  5 wights
  14 killer bees (D:12)
  2 electric eels (Lair:3)
  A human simulacrum (Vaults:3)
  9 crimson imps
  36 jellies
  A giant frog skeleton (D:11)
  2 giant frog zombies
  26 orc priests
  14 iguanas
  66 orc wizards
  11 hounds
  3 quasits
  Natasha (thrice) (D:3)
  11 worker ants
  A boulder beetle simulacrum (Vaults:1)
  A statue (D:8)
  22 sheep
  A killer bee zombie (D:9)
  3 hound zombies
  12 mummies (Ossuary)
  12 gnolls
  A hound skeleton (D:10)
  3 worker ant zombies
  Robin (D:3)
  30 river rats
  11 adders
  2 white imps
  5 shadow imps
  An ooze (D:6)
  3 ufetubi
  3 adder skeletons
  An adder zombie (D:9)
  2 worms
  5 giant geckos
  263 orcs
  3 ball pythons
  9 bats
  4 giant cockroaches
  2 gnoll skeletons (Ossuary)
  15 goblins
  14 hobgoblins
  8 jackals
  3 quokkas
  3 giant newts
  A goblin skeleton (Ossuary)
  A goblin zombie (D:6)
  2 jackal skeletons
  21 kobolds
  5 kobold skeletons (Ossuary)
  A quokka zombie (D:6)
  12 rats
  11 rat skeletons (Ossuary)
  2 briar patches (Swamp:4)
  2 crawling corpses
  A plant (Swamp:2)
2973 creatures vanquished.

Vanquished Creatures (collateral kills)
  Gastronok (Lair:2)
  Maud (D:11)
  2 hydras
  An alligator (Swamp:1)
  3 orb spiders (Spider:4)
  A black mamba (Lair:8)
  A yak (Lair:6)
  A wasp (Swamp:1)
  An adder (D:2)
  3 orcs (D:10)
  A bat (D:2)
  A fungus (Lair:5)
17 creatures vanquished.

Vanquished Creatures (others)
  2 Orb Guardians
  An eldritch tentacle (Zot:5)
  A tengu reaver (Depths:4)
  A frost giant (Depths:5)
  3 draconian scorchers
  A fire dragon (Depths:5)
  A ghost crab (Swamp:4)
  A spriggan druid (Swamp:3)
  An orb spider (Spider:2)
  A frost giant zombie (Depths:2)
  An orange demon (D:1)
  4 yaktaurs
  A jumping spider (Spider:4)
  2 hogs (Swamp:4)
  4 deep elf magi
  3 humans (Swamp:4)
  2 deep elf fighters (Elf:2)
  A swamp drake (Swamp:4)
  2 ogres
  A boggart (Depths:3)
  A kobold (D:10)
  2 briar patches (Swamp:4)
  70 eldritch tentacle segments (Zot:5)
  18 fungi
  31 plants
156 creatures vanquished.

Grand Total: 3146 creatures vanquished

Notes
Turn   | Place    | Note
--------------------------------------------------------------
     0 | D:1      | FishmanTm the Merfolk Transmuter began the quest for the Orb.
     0 | D:1      | Reached XP level 1. HP: 15/15 MP: 3/3
   431 | D:1      | Reached XP level 2. HP: 22/22 MP: 3/5
  1310 | D:1      | Learned a level 2 spell: Sticks to Snakes
  1363 | D:1      | Reached XP level 3. HP: 29/29 MP: 6/6
  1368 | D:1      | Learned a level 3 spell: Spider Form
  1946 | D:2      | Found an opulent altar of Gozag.
  2121 | D:2      | Reached skill level 4 in Transmutations
  2175 | D:2      | Reached XP level 4. HP: 35/35 MP: 3/7
  2743 | D:3      | Found a shadowy altar of Dithmenos.
  2876 | D:3      | Reached skill level 5 in Transmutations
  2993 | D:3      | Noticed Natasha
  3013 | D:3      | Killed Natasha
  3013 | D:3      | Reached XP level 5. HP: 25/41 MP: 2/8
  3304 | D:3      | Reached skill level 6 in Transmutations
  3318 | D:3      | Noticed Natasha
  3329 | D:3      | Killed Natasha
  3418 | D:4      | Found Nainixi's Assorted Antiques.
  3427 | D:4      | Bought a yellow potion for 22 gold pieces
  3427 | D:4      | Bought a scroll of teleportation for 75 gold pieces
  3427 | D:4      | Bought a yellow potion for 22 gold pieces
  3921 | D:4      | Noticed a phantom
  3974 | D:3      | Noticed Natasha
  3980 | D:3      | Killed Natasha
  3994 | D:3      | Reached XP level 6. HP: 44/47 MP: 7/9
  4009 | D:4      | Noticed Robin
  4203 | D:3      | Killed Robin
  4384 | D:4      | Reached skill level 5 in Unarmed Combat
  4415 | D:4      | Found a staircase to the Ecumenical Temple.
  4561 | Temple   | Entered the Ecumenical Temple
  5038 | D:4      | Reached XP level 7. HP: 42/52 MP: 7/10
  5294 | D:5      | Entered Level 5 of the Dungeon
  5460 | D:5      | Reached skill level 7 in Unarmed Combat
  5952 | D:5      | Reached skill level 8 in Unarmed Combat
  5984 | D:5      | Reached XP level 8. HP: 23/58 MP: 6/11
  6295 | D:5      | Reached skill level 9 in Unarmed Combat
  6569 | D:5      | Found a burning altar of Makhleb.
  6571 | D:5      | Found a glowing silver altar of Zin.
  6571 | D:5      | Noticed a balrug
  6571 | D:5      | Noticed an angel
  6832 | D:5      | Reached skill level 5 in Dodging
  6873 | D:5      | Found a shadowy altar of Dithmenos.
  7214 | D:6      | Reached skill level 1 in Evocations
  7333 | D:6      | Noticed Blork the orc
  7345 | D:6      | Killed Blork the orc
  7455 | D:6      | Found a sand-covered staircase.
  7462 | Ossuary  | Entered an ossuary
  7775 | Ossuary  | Reached XP level 9. HP: 39/63 MP: 12/12
  8568 | D:6      | Learned a level 4 spell: Ice Form
  9268 | D:7      | Found a flagged portal.
  9291 | D:7      | Noticed Joseph
  9840 | D:8      | Learned a level 5 spell: Blade Hands
  9914 | D:7      | Killed Joseph
 10229 | D:8      | Found Fuheutt's Distillery.
 10232 | D:8      | Bought a potion of might for 48 gold pieces
 10260 | D:8      | Found Ycietz's Jewellery Boutique.
 10362 | D:8      | Found a radiant altar of Vehumet.
 10508 | D:8      | Found Izee's General Store.
 10513 | D:8      | Bought a scroll of fog for 24 gold pieces
 10569 | D:8      | Reached skill level 5 in Spellcasting
 10871 | D:9      | Got a ripped robe
 10882 | D:9      | Identified the cursed +0 robe of Kuicyuq {Int+5} (You found it on level 9 of the Dungeon)
 11054 | D:9      | Reached XP level 10. HP: 66/73 MP: 7/17
 11109 | D:9      | Reached skill level 5 in Fighting
 11368 | D:9      | Found a staircase to the Lair.
 11475 | D:9      | Found a snail-covered altar of Cheibriados.
 11527 | D:9      | Became a worshipper of Cheibriados the Contemplative
 11538 | D:9      | Found a white marble altar of Elyvilon.
 11775 | D:10     | Entered Level 10 of the Dungeon
 11799 | D:10     | Noticed Josephine
 11805 | D:10     | Killed Josephine
 11943 | D:10     | Reached skill level 5 in Evocations
 11945 | D:10     | Reached XP level 11. HP: 55/89 MP: 9/18
 12122 | D:10     | Noticed Snorg
 12136 | D:10     | Killed Snorg
 12141 | D:10     | Reached * piety under Cheibriados
 12145 | D:10     | Noticed a catoblepas
 12239 | Lair:1   | Entered Level 1 of the Lair of Beasts
 12381 | Lair:1   | Found a labyrinth entrance.
 12407 | Lab      | Entered a labyrinth
 12540 | Lab      | Noticed a minotaur
 12560 | Lab      | Killed a minotaur
 12567 | Lab      | Got a dazzling fire dragon armour
 12579 | Lab      | Identified the +2 fire dragon armour of Beogh's Outrage {rF++ rC- rN+} (You found it in a labyrinth)
 13008 | Lair:1   | Reached skill level 1 in Armour
 13714 | Lair:2   | Reached skill level 10 in Dodging
 13809 | Lair:2   | Found a dark tunnel.
 13813 | Lair:2   | You fall through a shaft!
 13837 | Lair:3   | Reached ** piety under Cheibriados
 14384 | Lair:3   | Reached skill level 11 in Dodging
 14608 | Lair:3   | Reached *** piety under Cheibriados
 14923 | Lair:2   | Reached skill level 12 in Dodging
 15019 | Lair:2   | Reached XP level 12. HP: 82/95 MP: 13/19
 15097 | Lair:2   | Noticed Gastronok
 15108 | Lair:2   | Killed Gastronok
 15108 | Lair:2   | Reached skill level 13 in Dodging
 15531 | Lair:3   | Reached **** piety under Cheibriados
 15756 | Lair:3   | Reached skill level 14 in Dodging
 16276 | Lair:3   | Found a staircase to the Swamp.
 16796 | Lair:4   | Reached skill level 10 in Unarmed Combat
 16928 | Lair:4   | Reached ***** piety under Cheibriados
 16938 | Lair:4   | Found a hole to the Spider Nest.
 16949 | Lair:4   | Found a frozen archway.
 16950 | Lair:4   | Noticed a catoblepas
 17344 | Lair:4   | Killed a catoblepas
 17977 | Lair:5   | Reached XP level 13. HP: 101/101 MP: 14/20
 18562 | Lair:5   | Identified a +6 rod of the swarm (13/13) (You took it off a minotaur in a labyrinth)
 18568 | Lair:5   | Reached skill level 10 in Fighting
 19043 | Lair:6   | Reached ****** piety under Cheibriados
 19220 | Lair:6   | Reached skill level 1 in Stealth
 20382 | Lair:7   | Reached skill level 5 in Invocations
 20391 | Lair:7   | Reached XP level 14. HP: 85/118 MP: 4/21
 20849 | Lair:8   | Entered Level 8 of the Lair of Beasts
 20849 | Lair:8   | Found an opulent altar of Gozag.
 20858 | Lair:8   | Reached skill level 10 in Transmutations
 21235 | Lair:8   | Found a staircase to the Slime Pits.
 22266 | Lair:8   | Reached skill level 5 in Armour
 22634 | Lair:8   | Found a burning altar of Makhleb.
 23105 | Lair:8   | Found a gateway to Hell.
 23422 | D:10     | Noticed Nergalle
 23429 | D:10     | Killed Nergalle
 23608 | D:10     | Reached XP level 15. HP: 45/124 MP: 20/22
 24057 | D:10     | Found a staircase to the Orcish Mines.
 24518 | D:11     | Noticed Maud
 24543 | D:11     | Killed Maud
 25444 | Orc:1    | Entered Level 1 of the Orcish Mines
 26011 | Orc:1    | Found Ajuleoll's Antique Armour Shop.
 26989 | Orc:3    | Found a staircase to the Elven Halls.
 27369 | Orc:4    | Entered Level 4 of the Orcish Mines
 27649 | Orc:4    | Found Mudumn's Assorted Antiques.
 27690 | Orc:4    | Found Duocofuq's General Store.
 27703 | Orc:4    | Bought a scroll labeled DINESM KORCHYAR for 25 gold pieces
 27771 | Orc:4    | Bought a scroll of acquirement for 676 gold pieces
 27889 | Orc:4    | Found a roughly hewn altar of Beogh.
 27921 | Orc:4    | Found Pist's Jewellery Boutique.
 27921 | Orc:4    | Found Vuaqaidgh's Gadget Emporium.
 27955 | Orc:4    | Identified the Grimoire of Moulding (You acquired it on level 4 of the Orcish Mines)
 27963 | Orc:4    | Learned a level 6 spell: Hydra Form
 27978 | Orc:4    | Noticed Nessos
 27985 | Orc:4    | Killed Nessos
 28837 | Swamp:1  | Entered Level 1 of the Swamp
 28837 | Swamp:1  | Noticed Roxanne
 28837 | Swamp:1  | Noticed Aizul
 28863 | Swamp:1  | Killed Aizul
 29154 | Swamp:1  | Killed Roxanne
 29156 | Swamp:1  | Identified Roxanne's Compendium of Stones (You took it off Roxanne on level 1 of the Swamp)
 29226 | Lair:2   | Learned a level 6 spell: Statue Form
 29298 | Swamp:1  | Noticed Louise
 29334 | Swamp:1  | Killed Louise
 29334 | Swamp:1  | Reached skill level 1 in Earth Magic
 30667 | Swamp:2  | Reached XP level 16. HP: 131/131 MP: 17/23
 31188 | Swamp:2  | Reached skill level 5 in Earth Magic
 31251 | Swamp:2  | Reached skill level 15 in Transmutations
 31355 | Swamp:2  | Noticed a thorn hunter
 31365 | Swamp:2  | Killed a thorn hunter
 33095 | Swamp:4  | Entered Level 4 of the Swamp
 33172 | Swamp:3  | Learned a level 7 spell: Dragon Form
 33179 | Swamp:4  | Noticed a thorn hunter
 33206 | Swamp:4  | Killed a thorn hunter
 33571 | Swamp:4  | Noticed a thorn hunter
 33577 | Swamp:4  | Noticed Kirke
 33584 | Swamp:4  | Killed a thorn hunter
 33589 | Swamp:4  | Killed Kirke
 33589 | Swamp:4  | Reached skill level 16 in Transmutations
 33775 | Swamp:4  | Reached XP level 17. HP: 137/137 MP: 18/25
 33787 | Swamp:4  | Noticed the 27-headed Lernaean hydra
 33949 | Swamp:4  | Killed the 27-headed Lernaean hydra
 34048 | Swamp:4  | Got a decaying rune of Zot
 34639 | Spider:1 | Entered Level 1 of the Spider Nest
 34707 | Spider:1 | Reached skill level 15 in Unarmed Combat
 35711 | Spider:2 | Noticed Azrael
 35717 | Spider:2 | Killed Azrael
 36560 | Spider:3 | Noticed endege's ghost (adept DDBe)
 36576 | Spider:3 | Killed endege's ghost
 36852 | Spider:3 | Learned a level 5 spell: Irradiate
 37018 | Spider:3 | Reached XP level 18. HP: 146/146 MP: 26/28
 37581 | Spider:4 | Entered Level 4 of the Spider Nest
 37791 | Spider:4 | Reached skill level 15 in Fighting
 38765 | Spider:4 | Got a gossamer rune of Zot
 39321 | D:11     | Found an iron altar of Okawaru.
 39905 | D:12     | Reached skill level 17 in Fighting
 40074 | D:13     | Found a gate to the Vaults.
 40074 | D:13     | Noticed Rupert
 40074 | D:13     | Noticed Donald
 40088 | D:13     | Killed Rupert
 40092 | D:13     | Killed Donald
 40602 | D:13     | Reached XP level 19. HP: 162/162 MP: 27/30
 41084 | D:14     | Reached skill level 18 in Fighting
 41828 | D:15     | Entered Level 15 of the Dungeon
 42047 | D:15     | Reached skill level 19 in Fighting
 42326 | D:15     | Found a staircase to the Depths.
 42940 | D:15     | Got a crude jade ring
 43137 | Depths:1 | Entered Level 1 of the Depths
 43142 | Depths:1 | Identified the ring of Vumnast {+Blink rElec Stlth+} (You took it off an orc warrior on level 15 of the Dungeon)
 43488 | Depths:1 | Reached skill level 5 in Stealth
 43814 | Depths:1 | Noticed a lich
 43820 | Depths:1 | Reached skill level 20 in Fighting
 43854 | Depths:1 | Got a crude sapphire amulet
 43856 | Depths:1 | Identified the amulet of Cuvifia {Spirit rN++ Dex+3 Stlth+} (You took it off a tengu conjurer on level 1 of the Depths)
 44283 | Depths:1 | Found a one-way gate to the infinite horrors of the Abyss.
 44492 | Depths:2 | Reached XP level 20. HP: 160/176 MP: 22/31
 44602 | Depths:2 | Found Mecweob's Assorted Antiques.
 44659 | Depths:2 | Paralysed by a vampire knight for 2 turns
 44966 | Depths:2 | Paralysed by a vampire knight for 6 turns
 44988 | Depths:2 | Reached skill level 21 in Fighting
 46128 | Depths:2 | Reached skill level 15 in Dodging
 46173 | Depths:3 | Found Zumeuxergh's Gadget Emporium.
 46574 | Depths:3 | Noticed a golden dragon
 46583 | Depths:3 | Killed a golden dragon
 46907 | Depths:3 | Identified Sif Muna's Incunabulum of Poisoning
 46935 | Depths:3 | Identified a +0 rod of destruction (11/11) (You found it on level 3 of the Depths)
 47042 | Depths:3 | Reached XP level 21. HP: 174/187 MP: 23/32
 47235 | Depths:3 | Found a portal to a secret trove of treasure.
 47239 | Depths:3 | Found a gateway to a ziggurat.
 47392 | Depths:3 | Found a one-way gate leading to the halls of Pandemonium.
 48126 | Depths:4 | Noticed a caustic shrike
 48438 | Depths:4 | Killed a caustic shrike
 48894 | Depths:4 | Noticed an iron giant
 49339 | Depths:4 | Killed an iron giant
 49344 | Depths:4 | Reached XP level 22. HP: 194/194 MP: 28/33
 49396 | Depths:4 | Paralysed by a Zot trap for 3 turns
 49881 | Depths:4 | Found a glowing golden altar of the Shining One.
 50071 | Depths:4 | Gained mutation: You tend to lose your temper in combat. [a cacodemon]
 50073 | Depths:4 | Gained mutation: You occasionally shout uncontrollably at your foes. [a cacodemon]
 50326 | Depths:4 | Lost mutation: You tend to lose your temper in combat. [potion of cure mutation]
 50326 | Depths:4 | Lost mutation: You occasionally shout uncontrollably at your foes. [potion of cure mutation]
 50469 | Depths:5 | Entered Level 5 of the Depths
 51066 | Depths:5 | Identified the Compendium of Bewitchment
 51485 | Depths:5 | Reached XP level 23. HP: 201/201 MP: 29/34
 52128 | Depths:5 | Identified the Grimoire of Destructive Enchantment
 52310 | Depths:5 | Found a gate to the Realm of Zot.
 52313 | Depths:5 | Identified a +5 rod of ignition (12/12) (You found it on level 5 of the Depths)
 52322 | Depths:5 | Noticed an ancient lich
 52325 | Depths:5 | Paralysed by an ancient lich for 2 turns
 52335 | Depths:5 | Killed an ancient lich
 52791 | Vaults:1 | Entered Level 1 of the Vaults
 52840 | Vaults:1 | Found a flickering gateway to a bazaar.
 52844 | Bazaar   | Entered a bazaar
 52861 | Bazaar   | Found Qurr's Antique Weapon Shoppe.
 52876 | Bazaar   | Found Soelemn's Food Emporium.
 52880 | Bazaar   | Bought a meat ration for 55 gold pieces
 52880 | Bazaar   | Bought a bread ration for 55 gold pieces
 52880 | Bazaar   | Bought a meat ration for 55 gold pieces
 52880 | Bazaar   | Bought a meat ration for 55 gold pieces
 52880 | Bazaar   | Bought 2 slices of pizza for 33 gold pieces
 52891 | Bazaar   | Found Woforaor's Armour Emporium.
 52891 | Bazaar   | Found Jeipt's Book Shoppe.
 52912 | Bazaar   | Found Kitytu's Weapon Emporium.
 52912 | Bazaar   | Found Qoliqui's Distillery.
 52916 | Bazaar   | Bought a potion of heal wounds for 70 gold pieces
 53287 | Vaults:1 | Reached skill level 10 in Stealth
 53930 | Vaults:1 | Reached skill level 10 in Invocations
 54378 | Vaults:2 | Reached XP level 24. HP: 208/208 MP: 29/34
 54447 | Vaults:2 | Found Zenod's Antique Weapon Emporium.
 55010 | Vaults:2 | Found a staircase to the Crypt.
 55557 | Vaults:3 | Noticed Jorgrun
 55567 | Vaults:3 | Killed Jorgrun
 56135 | Vaults:3 | Reached skill level 22 in Unarmed Combat
 57426 | Vaults:4 | Found Mekhatzi's Food Boutique.
 57445 | Vaults:4 | Bought a meat ration for 55 gold pieces
 57445 | Vaults:4 | Bought a meat ration for 55 gold pieces
 57445 | Vaults:4 | Bought a meat ration for 55 gold pieces
 57445 | Vaults:4 | Bought a meat ration for 55 gold pieces
 57445 | Vaults:4 | Bought a meat ration for 55 gold pieces
 57445 | Vaults:4 | Bought a bread ration for 55 gold pieces
 57445 | Vaults:4 | Bought a bread ration for 55 gold pieces
 57445 | Vaults:4 | Bought a meat ration for 55 gold pieces
 57473 | Vaults:4 | Paralysed by a hornet for 3 turns
 57588 | Vaults:4 | Reached XP level 25. HP: 215/215 MP: 30/34
 58305 | Elf:1    | Entered Level 1 of the Elven Halls
 58445 | Elf:1    | Noticed Frances
 58455 | Elf:1    | Killed Frances
 58713 | Elf:1    | Found an ancient bone altar of Kikubaaqudgha.
 59551 | Elf:2    | Found a huge runed gate.
 59551 | Elf:2    | Found a huge runed gate.
 59551 | Elf:2    | Found a huge runed gate.
 60255 | Elf:2    | Reached skill level 15 in Stealth
 60308 | Elf:3    | Entered Level 3 of the Elven Halls
 60510 | Elf:3    | Found Licaink's Antique Armour Shoppe.
 60613 | Elf:3    | Reached skill level 23 in Unarmed Combat
 60983 | Elf:3    | Reached skill level 15 in Invocations
 61002 | Elf:3    | Got a vibrating ruby amulet
 61239 | Elf:3    | Identified Sif Muna's Papyrus of Boosting Beguiling
 61253 | Elf:3    | Identified the Tome of the Escort
 61256 | Elf:3    | Identified the Papyrus of Quantum Beguiling
 61274 | Elf:3    | Identified the amulet of the Elephant {rCorr Dex+4 Stlth+} (You took it off a deep elf knight on level 3 of the Elven Halls)
 61289 | Elf:3    | Identified the Almanac of Weightlessness (You found it on level 3 of the Elven Halls)
 61893 | Slime:1  | Entered Level 1 of the Pits of Slime
 61928 | Slime:2  | Upgraded the game from 0.18-a0-316-gf882de5 to 0.18-a0-327-gb1de508
 61956 | Slime:2  | Reached XP level 26. HP: 222/222 MP: 34/34
 62011 | Slime:4  | Gained mutation: Scrolls take you a little longer to read. [a shining eye]
 62376 | D:8      | Bought a potion of cure mutation for 420 gold pieces
 62376 | D:8      | Bought a potion of agility for 48 gold pieces
 62376 | D:8      | Lost mutation: Scrolls take you a little longer to read. [potion of cure mutation]
 62778 | Slime:6  | Entered Level 6 of the Pits of Slime
 62892 | Slime:6  | Found a viscous altar of Jiyva.
 62903 | Slime:6  | Noticed the royal jelly
 62926 | Slime:6  | Killed the royal jelly
 62965 | Slime:6  | Identified a +2 rod of ignition (13/13) (You found it on level 6 of the Pits of Slime)
 63024 | Slime:6  | Got a slimy rune of Zot
 63026 | Slime:6  | Got a bloodstained ring mail
 63027 | Slime:6  | Identified the +3 ring mail of Ympiy {rPois Int+3 Slay+2} (You found it on level 6 of the Pits of Slime)
 63043 | Slime:6  | Learned a level 3 spell: Regeneration
 63103 | Slime:6  | Reached skill level 1 in Charms
 63511 | D:11     | Noticed xeno23's ghost (journeyman DgAE)
 63516 | D:11     | Killed xeno23's ghost
 63827 | Zot:1    | Entered Level 1 of the Realm of Zot
 64206 | Zot:1    | Reached skill level 24 in Unarmed Combat
 64666 | Zot:1    | Reached skill level 5 in Charms
 65586 | Zot:3    | Reached XP level 27. HP: 229/229 MP: 30/35
 65604 | Zot:3    | Reached skill level 25 in Unarmed Combat
 65816 | Zot:3    | Reached skill level 10 in Evocations
 66881 | Zot:3    | Reached skill level 26 in Unarmed Combat
 68041 | Zot:5    | Entered Level 5 of the Realm of Zot
 68092 | Zot:5    | Reached skill level 15 in Evocations
 68491 | Zot:5    | Noticed an ancient lich
 68502 | Zot:5    | Killed an ancient lich
 68506 | Zot:5    | Noticed an ancient lich
 68517 | Zot:5    | Noticed an orb of fire
 68518 | Zot:5    | Killed an ancient lich
 68521 | Zot:5    | Reached skill level 27 in Unarmed Combat
 68524 | Zot:5    | Killed an orb of fire
 68529 | Zot:5    | Noticed an orb of fire
 68535 | Zot:5    | Killed an orb of fire
 68538 | Zot:5    | Noticed an orb of fire
 68543 | Zot:5    | Killed an orb of fire
 69021 | Zot:5    | Noticed an orb of fire
 69029 | Zot:5    | Killed an orb of fire
 69251 | Zot:5    | Got the Orb of Zot
 69351 | Zot:2    | Noticed Elatatigumu the pandemonium lord
 69356 | Zot:2    | Killed Elatatigumu the pandemonium lord
 69426 | Zot:1    | Noticed Ymooq the pandemonium lord
 69430 | Zot:1    | Killed Ymooq the pandemonium lord
 69574 | Depths:4 | Noticed a seraph
 69641 | Depths:4 | Killed a seraph
 70206 | D:1      | Noticed Balamak the pandemonium lord
 70211 | D:1      | Killed Balamak the pandemonium lord
 70339 | D:1      | Noticed Gakladee the pandemonium lord
 70344 | D:1      | Killed Gakladee the pandemonium lord
 70591 | D:1      | Noticed Pokuma the pandemonium lord
 70600 | D:1      | Killed Pokuma the pandemonium lord
 70639 | D:$      | Escaped with the Orb!

Vault maps used:
D:1:      lightli_arrival_quake, minmay_unequal
D:2:      grunt_gozag_breadcrumbs
D:3:      grunt_dithmenos_smoke_and_mirrors, uniq_natasha
D:4:      first_bread, serial_shops, nicolae_shop_overgrown_old_shop,
          st_stairs_13, uniq_robin
D:5:      wad_river_or_something, grunt_temple_overflow_order_and_chaos_2,
          kennysheep_mini_moat, minmay_misc_feat_room
D:6:      enter_ossuary_4, uniq_blork_the_orc
D:7:      enter_bailey_2, uniq_joseph
D:8:      vehumet_statue, serial_shops,
          nicolae_shop_temple_entry_statues_fountains, kennysheep_little_box,
          shop, item_on_display_a
D:9:      cheibriados_altar_1, elyvilon_altar_5, nicolae_overflow_hidden_temple,
          erik_lair_orcish_takeover
D:10:     david_orc_2, uniq_nergalle, uniq_josephine, uniq_snorg
D:11:     evilmike_iron_armoury, uniq_maud
D:13:     david_vaults_3
D:14:     nrook_mini_backslash, grunt_pizzeria, nooodl_food_tri
D:15:     grunt_enter_depths_magical_seal
Temple:   triangle_lava_temple_11
Lair:1:   lab_entry_generic, st_stairs_9, serial_bayou_pond_d
Lair:2:   enter_volcano_1, cheibrodos_lair_reptile_den, uniq_gastronok
Lair:3:   gammafunk_lair_bear_cave, nicolae_swamp_entry_splash_gauntlet
Lair:4:   spider_nest_entry_funnel_web, portal_ice_cave_entry_pillars_02,
          bh_chokoban
Lair:6:   minmay_lair_drake_nest
Lair:7:   grunt_megastairs_2
Lair:8:   evil_forest, dpeg_slime_entry_corner, basic_altar, st_stairs_3
Swamp:1:  nicolae_swamp_very_dense_foliage, uniq_roxanne, uniq_aizul,
          uniq_louise
Swamp:2:  nicolae_swamp_stair_fork, swamp_pool2, st_shrine_of_shade,
          infiniplex_staircase_pool
Swamp:3:  evilmike_swamp_ruin_house_2
Swamp:4:  swamp_old_school, uniq_kirke
Spider:2: uniq_azrael
Spider:3: nicolae_spider_nook
Spider:4: grunt_spider_rune_island
Orc:1:    serial_shops, shop
Orc:2:    nicolae_orc_accident_1
Orc:3:    serial_shops, nicolae_orc_pool_cavern
Orc:4:    st_orc_town, uniq_nessos
Elf:1:    basic_altar, hangedman_elf_represent, uniq_frances
Elf:2:    small_statue_intersection, st_stairs_4
Elf:3:    grunt_elf_hall_asides, serial_shops, nicolae_shop_waterfront,
          mu_enter_wizlab_6
Vaults:1: vaults_dpeg_doors, v_rooms_1, grunt_vaults_twisty, v_misc_29,
          hangedman_vaults_cutoff, nicolae_vaults_quadrants,
          dpeg_vaults_monster_row, nicolae_vaults_circle_grid_b,
          vaults_room_semicircle, serial_shops, bzr_entry_dummy
Vaults:2: blue_anna_dwarven_crypt, v_rooms_3, st_cross, grunt_vaults_trifunnel,
          nicolae_vaults_little_squares_1, v_misc_5, vaults_room_octagon,
          nicolae_vaults_big_ls, nicolae_vaults_sealed_display, v_misc_3,
          serial_shops, shop
Vaults:3: v_misc_11, hangedman_vaults_variations, v_misc_31,
          nicolae_vaults_little_squares_3, vaults_room_large_hall,
          ontoclasm_vaults_decontamination, v_misc_16, vaults_mumra_hexcomb,
          v_misc_9, vaults_dpeg_diagonal, nicolae_vaults_little_squares_1,
          uniq_jorgrun
Vaults:4: vaults_room_mumra_shop_pool, v_misc_18, hangedman_vaults_snaps,
          vaults_mumra_hex, nicolae_vaults_yaktaur_gun_rack
Depths:1: minmay_misc_feat_diagonals, hell_entry, abyss_entry,
          kennysheep_generic_room_8, serial_bayou_shore_b, grunt_megastairs_3
Depths:2: hangedman_screamer, serial_shops, shop, grunt_hell_entry_dis_old,
          infiniplex_staircase_spiral_double, serial_bayou_shore_b
Depths:3: minmay_tri_stars, enter_ziggurat_b, rand_demon_pan_entry_8,
          minmay_strange_pillars, hangedman_coc_ice_floe, serial_glass,
          glass_columns_c, glass_columns_a, enter_trove_2, serial_shops,
          nicolae_shop_trees
Depths:4: hangedman_arch_fort, tso_metal_star, hangedman_geh_valley,
          abyss_entry, rand_demon_pan_entry_9, minmay_misc_feat_columns,
          minmay_staircase_statues_hall_small, basic_stair_grate_trap
Depths:5: hangedman_pleasuredromes, hell_entry
Zot:3:    lemuel_acid_trip
Lab:      nicolae_lab_stuck, nicolae_lab_arrow, lab_block, labyrinth_lava_lair,
          nicolae_lab_very_dead_end, nicolae_lab_grate, labyrinth_glass_1,
          nicolae_lab_blocks
Bazaar:   bazaar_long_row
Ossuary:  ossuary_due_small_catacomb

Action                   |  1- 3 |  4- 6 |  7- 9 | 10-12 | 13-15 | 16-18 | 19-21 | 22-24 | 25-27 || total
-------------------------+-------+-------+-------+-------+-------+-------+-------+-------+-------++-------
Melee: Unarmed           |   145 |   200 |   440 |   561 |  1152 |  1112 |  1057 |  1137 |  1614 ||  7418
 Cast: Beastly Appendage |    12 |       |       |       |       |       |       |       |       ||    12
       Spider Form       |     6 |    19 |    38 |       |     1 |       |       |       |       ||    64
       Sticks to Snakes  |     1 |     4 |     6 |    12 |    29 |       |       |       |       ||    52
       Blade Hands       |       |       |     9 |    48 |    83 |       |       |       |       ||   140
       Ice Form          |       |       |       |     5 |     5 |       |       |       |       ||    10
       Hydra Form        |       |       |       |       |    11 |    12 |       |       |       ||    23
       Statue Form       |       |       |       |       |       |    59 |    50 |    41 |    60 ||   210
       Dragon Form       |       |       |       |       |       |     1 |       |       |     2 ||     3
       Irradiate         |       |       |       |       |       |     1 |     4 |     2 |     4 ||    11
       Regeneration      |       |       |       |       |       |       |       |       |    32 ||    32
Invok: Bend Time         |       |       |       |     2 |       |       |       |       |       ||     2
       Slouch            |       |       |       |       |     4 |     9 |    14 |     1 |     8 ||    36
       Temporal Distorti |       |       |       |       |     2 |    17 |    18 |    12 |    25 ||    74
       Step From Time    |       |       |       |       |       |       |       |       |     1 ||     1
 Abil: End Transformatio |       |       |     1 |     5 |     9 |     2 |     2 |       |     1 ||    20
       Evoke Invisibilit |       |       |       |       |     1 |       |       |       |       ||     1
Evoke: Wand              |       |       |       |     2 |     3 |    20 |     4 |     1 |    26 ||    56
       Rod               |       |       |       |       |    14 |     5 |       |       |       ||    19
  Use: Scroll            |     1 |     4 |    12 |    18 |    11 |    23 |     9 |     3 |    22 ||   103
       Potion            |       |       |       |     2 |     4 |     2 |     4 |     1 |     8 ||    21
 Stab: Distracted        |     1 |       |     1 |       |     4 |     1 |     6 |     3 |    13 ||    29
       Sleeping          |       |       |     6 |     3 |     4 |     2 |     2 |    25 |    37 ||    79
       Invisible         |       |       |       |       |     5 |       |       |       |    33 ||    38
       Confused          |       |       |       |       |     1 |       |       |       |       ||     1
       Paralysed         |       |       |       |       |       |     2 |       |       |       ||     2
  Eat: Chunk             |     6 |    11 |    27 |    22 |    44 |    19 |    31 |    32 |    29 ||   221
       Fruit             |       |       |     4 |     1 |     1 |     4 |       |       |     3 ||    13
       Pizza             |       |       |       |     2 |     1 |       |       |     1 |     2 ||     6
       Beef jerky        |       |       |       |     2 |       |     3 |     4 |     1 |     5 ||    15
       Bread ration      |       |       |       |       |     1 |     3 |       |       |     3 ||     7
       Meat ration       |       |       |       |       |       |     1 |     1 |       |     4 ||     6
       Royal jelly       |       |       |       |       |       |       |     1 |       |     1 ||     2
